 Dungeon Crawl Stone Soup version 0.30.0 (webtiles) character file.

Game seed: 15343315208831712110

4 WitchBelial the Grave Robber (level 1, -2/13 HPs)
             Began as a Vampire Necromancer on Aug 17, 2023.
             Slain by an endoplasm (3 damage)
             ... on level 1 of the Dungeon.
             The game lasted 00:01:49 (77 turns).

WitchBelial the Grave Robber (Vampire Necromancer)    Turns: 77, Time: 00:01:49

Health: -2/13      AC:  2    Str:  7    XL:     1   Next: 58%
Magic:  1/3        EV: 12    Int: 17    God:
Gold:   0          SH:  0    Dex: 14    Spells: 3/4 levels left

rFire   . . .        c - +0 mace
rCold   . . .        (no shield)
rNeg    . . .        a - +0 robe
rPois   .            (no helmet)
rElec   .            (no cloak)
rCorr   .            (no gloves)
SInv    +            (no boots)
Will    .....        (no amulet)
Stlth   ++           (no ring)
HPRegen 0.42/turn    (no ring)
MPRegen 0.08/turn

%: no passive effects
@: healing quickly
A: alive, fangs 3, see invisible, vampiric 1
a: Exsanguinate


You were on level 1 of the Dungeon.
You visited 1 branch of the dungeon, and saw 1 of its levels.

Inventory:

Hand Weapons
 c - a +0 mace (weapon)
Armour
 a - a +0 robe (worn)
Potions
 b - 2 potions of magic


   Skills:
 + Level 2.1 Dodging
 + Level 3.0 Stealth
 + Level 2.0 Spellcasting
 + Level 4.6 Necromancy


You had 3 spell levels left.
You knew the following spells:

 Your Spells              Type           Power      Damage    Failure   Level
a - Necrotise             Necr           68%        1d7       2%          1

Your spell library contained the following spells:

 Spells                   Type           Power      Damage    Failure   Level
 Vampiric Draining        Necr           17%        2d7       9%          3
 Animate Dead             Necr           17%        N/A       28%         4
 Agony                    Necr           17%        N/A       61%         5


Dungeon Overview and Level Annotations

Branches:
Dungeon (1/15)

Altars:

Shops:
D:1 (


Innate Abilities, Weirdness & Mutations

Your natural rate of healing is accelerated.
You have razor-sharp teeth.
You have supernaturally acute eyesight. (SInv)
You are afflicted with vampirism.


Message History

You closely miss the quokka.
The quokka is almost dead.
The quokka closely misses you. The quokka barely misses you.
You hit the quokka.
You kill the quokka!
Found a stone staircase leading down.
A bat comes into view.
The kobold hits you but does no damage.
The bat moves out of view.
You see here a frilled lizard corpse.
You hit the kobold but do no damage. The endoplasm freezes you.
You are frozen.
The kobold completely misses you. The endoplasm freezes you.
You are frozen.
The kobold barely misses you. The endoplasm freezes you.
You are frozen.
The kobold hits you with a +0 dagger.
* * * LOW HITPOINT WARNING * * *
Casting: Necrotise (safe; 2% risk of failure)
Confirm with . or Enter, or press ? or * to list all spells.
Aiming: Necrotise (safe; 2% risk of failure)
Press: ? - help, Shift-Dir - straight line, f - kobold
Aim: a kobold, wielding a +0 dagger and quivering stones (chance to affect: 87%)
The kobold barely resists.
The bat misses you.
The endoplasm hits you but does no damage.
The kobold misses you.
Found an escape hatch in the floor.
The bat barely misses you. The endoplasm freezes you.
You are frozen.
* * * LOW HITPOINT WARNING * * *
Casting: Necrotise (safe; 2% risk of failure)
Confirm with . or Enter, or press ? or * to list all spells.
Aiming: Necrotise (safe; 2% risk of failure)
Press: ? - help, Shift-Dir - straight line, f/p - kobold
Aim: a kobold, wielding a +0 dagger and quivering stones (chance to affect: 87%)
The kobold writhes in agony.
You kill the kobold!
The dead are walking!
The bat hits you.
* * * LOW HITPOINT WARNING * * *
The endoplasm hits you.
You die...

#.#..# ##
#.#..# ...>...#
>#.#.# # ....#
#.#####...#
#......Jb.##
#!.Z)@..# ..
#.#####.# .#
#..###.# # .#
#......# .#
#####.##.# .#
..#
#.##.#####.# .#
#.#
#.##.......# .#
#.#
#.###.######
.####.###.###.#


You could see an endoplasm (ally target), a bat and a friendly kobold skeleton.

Vanquished Creatures
  A hobgoblin (D:1)
  A kobold (D:1)
  A quokka (D:1)
  A ball python (D:1)
  A frilled lizard (D:1)
  A rat (D:1)
6 creatures vanquished.

Notes
Turn   | Place    | Note
-------+----------+-------------------------------------------
     0 | D:1      | WitchBelial the Vampire Necromancer began the quest for the
                  | Orb.
     0 | D:1      | Reached XP level 1. HP: 13/13 MP: 3/3
    63 | D:1      | Found Yginu's Weapon Boutique.
    77 | D:1      | Slain by an endoplasm

Illustrated notes

Levels and vault maps discovered:
D:1:      lightli_iron_boxes, layout_loops_ring, serial_shops, shop,
          serial_glass, glass_columns_c, glass_columns_b, minivault_5

Action                     || total
---------------------------++-------
  Melee: Mace              ||    14
         Bite              ||     1
   Cast: Necrotise         ||     3
 Armour: Robe              ||     5
  Dodge: Dodged            ||    15
